 Dungeon Crawl Stone Soup version bcrawl-1.28.1b (webtiles) character file.

Game seed: 1037321416407997037

160722 Morbidden the Skirmisher (level 4, 0/40 HPs)
             Began as a Djinni Reaver on Dec 25, 2020.
             Was a Believer of Vehumet.
             Slain by a goblin
             ... wielding a cursed -1 club
             ... led by Robin
              (4 damage)
             ... on level 3 of the Dungeon.
             The game lasted 00:03:48 (1738 turns).

Morbidden the Skirmisher (Djinni Reaver)            Turns: 1738, Time: 00:03:49

Health: 0/40       AC:  5    Str: 14    XL:     4   Next: 75%
Magic:  9/9        EV: 11    Int: 17    God:    Vehumet [**....]
Gold:   131        SH:  4    Dex:  9    Spells: 9/10 levels left

rFire    . . .     SeeInvis .   a - +0 long sword
rCold    + . .     Gourm    .   l - +0 buckler
rNeg     . . .     Faith    .   b - +0 steam dragon scales
rPois    .         Spirit   .   (no helmet)
rElec    .         Reflect  .   (no cloak)
rCorr    .         Harm     .   (no gloves)
MR       .....     Rnd*Rage +   (boots unavailable)
Stlth    +.........             (no amulet)
HPRegen  0.13/turn              n - ring of protection from cold
MPRegen  0.11/turn              (no ring)

@: lethally poisoned (0 -> -6), flying
A: never pass out, berserk 2, blink, blurry vision 2, wild magic 2, MP-powered
wands, floating
a: Blink, Renounce Religion


You were on level 3 of the Dungeon.
You worshipped Vehumet.
Vehumet was pleased with you.
You were hungry.

You visited 1 branch of the dungeon, and saw 3 of its levels.

You collected 131 gold pieces.

Inventory:

Hand Weapons
 a - a +0 long sword (weapon)
 h - a +2 dagger of flaming
Missiles
 g - 44 javelins (quivered)
Armour
 b - +0 steam dragon scales (worn)
 l - a +0 buckler (worn)
Jewellery
 n - a ring of protection from cold (left hand)
Scrolls
 d - 3 scrolls of immolation
 j - a scroll of fear {unknown}
 p - a scroll of noise {unknown}
 q - a scroll of amnesia {unknown}
Potions
 c - a potion of haste
 f - a potion of brilliance {unknown}
 k - a potion of mutation {unknown}
 m - a potion of agility {unknown}
 o - 2 potions of heal wounds {unknown}
Comestibles
 e - 6 rations {!d}
 i - 2 chunks of flesh


   Skills:
 * Level 4.1 Fighting
 + Level 4.1 Long Blades
 + Level 3.6 Dodging
 * Level 0.7 Shields
 * Level 3.6 Spellcasting
 * Level 1.4 Conjurations


You had 9 spell levels left.
You knew the following spells:

 Your Spells              Type           Power        Failure   Level  Hunger
a - Magic Dart            Conj           ##..         12%         1    None

Your spell library contained the following spells:

 Spells                   Type           Power        Failure   Level  Hunger
 Throw Frost              Conj/Ice       #.....       9%          2    None
 Iskenderun's Battlesphe  Conj/Chrm      #.......     94%         5    ######.


Dungeon Overview and Level Annotations

Branches:
Dungeon (3/12)

Altars:
Yredelemnul
The Shining One

Annotations:
D:2 2 runed doors
D:3 Robin


Innate Abilities, Weirdness & Mutations

You never pass out after going berserk.
You often lose your temper in combat.
You can translocate small distances at will.
Scrolls take you longer to read.
Your spells are harder to cast, but more powerful.
You expend magic power (3 MP) to strengthen your wands.
Your body floats in the air.


Message History

* * * LOW HITPOINT WARNING * * *
You feel sick. The leopard gecko barely misses you.
Robin throws the goblin at you!
You hit the goblin.
The goblin is almost dead.
* * * LOW HITPOINT WARNING * * *
You feel sick. The leopard gecko bites you.
* * * LOW HITPOINT WARNING * * *
The adder misses you. The goblin closely misses you.
Robin roars a battlecry!
The goblins go into a battle-frenzy!
The leopard gecko bites you but does no damage.
You slash the goblin!
You kill the goblin!
Vehumet accepts your kill.
* * * LOW HITPOINT WARNING * * *
You feel sick. You block the adder's attack. You block the hobgoblin's attack.
Robin throws the goblin at you!
The goblin hits you with a cursed -1 club.
You die...

#.####........#
#.##.##.# #.#
.......##.# #.......#
#.##.#..#####.#
#.#..####
#.##.#..#####.#####.###
#.......g.......# #.#
#.##.##.#g......# #.#
#.##.##.#.g...%.# #.#
#.##.##.#lSg....# #.#
#.##.##g#.@.....# #.#
#>.....g#.g......##.#
###.#.###........##.#
##.###.###.###.#(##.####
#.## ##g##.. $# ##....#
##.###.###### # ####.#
##.#g## [.. #.#
#.†###..### #.#
#...g†g...$ #.#####.##


You could see Robin, an adder, a leopard gecko, 2 hobgoblins and 2 goblins.

Vanquished Creatures
  A hound (D:3)
  An adder (D:3)
  An ooze (D:3)
  An adder skeleton (D:2)
  4 dart slugs
  3 leopard geckos
  6 giant cockroaches
  8 goblins
  9 hobgoblins
  A quokka (D:3)
  6 bats
  3 frilled lizards
  A jackal zombie (D:2)
  8 kobolds
  8 rats
61 creatures vanquished.

Notes
Turn   | Place    | Note
-------+----------+-------------------------------------------
     0 | D:1      | Morbidden the Djinni Reaver began the quest for the Orb.
     0 | D:1      | Reached XP level 1. HP: 19/19 MP: 4/4
   152 | D:1      | Reached XP level 2. HP: 26/26 MP: 6/6
   299 | D:1      | Reached * piety under Vehumet
   299 | D:1      | Offered knowledge of Magic Dart by Vehumet.
   327 | D:1      | Learned a level 1 spell: Magic Dart
   454 | D:1      | Reached XP level 3. HP: 31/33 MP: 7/7
  1003 | D:2      | Found a glowing golden altar of the Shining One.
  1134 | D:2      | Found a runed door.
  1134 | D:2      | Noticed a human
  1137 | D:2      | Offered knowledge of Throw Frost by Vehumet.
  1171 | D:2      | Found a basalt altar of Yredelemnul.
  1192 | D:2      | Reached ** piety under Vehumet
  1385 | D:2      | Found a runed door.
  1541 | D:3      | Gained mutation: Your spells are harder to cast, but more
                  | powerful. [Djinni growth]
  1541 | D:3      | Gained mutation: You can translocate small distances at
                  | will. [Djinni growth]
  1541 | D:3      | Reached XP level 4. HP: 37/40 MP: 9/9
  1562 | D:3      | Reached skill level 1 in Conjurations
  1711 | D:3      | Noticed Robin
  1738 | D:3      | Slain by a goblin

Skill      XL: |  1  2  3  4 |
---------------+-------------+-----
Fighting       | 4 |  4.1
Long Blades    | 4 |  4.1
Conjurations   | 1 |  1.4
Dodging        | |  3.6
Shields        | |  0.7
Spellcasting   | |  3.6

Action                   |  1- 3 |  4- 6 || total
-------------------------+-------+-------++-------
Melee: Long sword        |   152 |    30 ||   182
 Cast: Magic Dart        |    16 |    11 ||    27
  Use: Scroll            |     1 |       ||     1
 Stab: Sleeping          |     1 |       ||     1
  Eat: Chunk             |     7 |     1 ||     8
Armor: Steam dragon scal |    57 |    10 ||    67
Dodge: Dodged            |    96 |    29 ||   125
Block: Buckler           |    25 |    10 ||    35
